 Dungeon Crawl Stone Soup version 0.21-a0-341-g5efb6f4 (webtiles) character file.

95 Spazmo the Magician (level 4, -2/24 HPs)
             Began as a Deep Elf Fire Elementalist on Oct 4, 2017.
             Was an Initiate of Vehumet.
             Slain by a gnoll
             ... wielding a +1 antimagic whip
              (4 damage)
             ... on level 3 of the Dungeon.
             The game lasted 00:04:52 (1570 turns).

Spazmo the Magician (Deep Elf Fire Elementalist)    Turns: 1570, Time: 00:04:52

Health: -2/24      AC:  2    Str:  5    XL:     4   Next: 40%
Magic:  12/21      EV: 13    Int: 21    God:    Vehumet [......]
Gold:   159        SH:  0    Dex: 15    Spells: 5/11 levels left

rFire    + . .     SeeInvis .   p - +1 dagger (protect)
rCold    x . .     Gourm    .   (no shield)
rNeg     . . .     Faith    .   a - +0 robe
rPois    .         Spirit   .   (no helmet)
rElec    .         Reflect  .   (no cloak)
rCorr    .         Harm     .   (no gloves)
MR       .....                  (no boots)
Stlth    ++........             (no amulet)
HPRegen  0.08/turn              l - ring of magical power
MPRegen  0.17/turn              n - ring of fire

@: no status effects
A: no striking features
a: Renounce Religion


You were on level 3 of the Dungeon.
You worshipped Vehumet.
Vehumet was noncommittal.
You were not hungry.

You visited 1 branch of the dungeon, and saw 3 of its levels.

You collected 159 gold pieces.

Inventory:

Hand Weapons
 d - a +2 vampiric dagger
 p - a +1 dagger of protection (weapon)
Missiles
 e - 35 stones (quivered)
Armour
 a - a +0 robe (worn)
Jewellery
 l - a ring of magical power (left hand)
 n - a ring of fire (right hand)
 s - an uncursed ring of positive energy
Scrolls
 f - a scroll of teleportation {unknown}
 k - 2 scrolls of remove curse {unknown}
 q - a scroll of identify
 r - a scroll of magic mapping
 u - a scroll of amnesia {unknown}
Potions
 g - a potion of resistance {unknown}
 h - a potion of curing
 i - a potion of haste {unknown}
 m - a potion of flight {unknown}
 o - a potion of lignification {unknown}
 t - a potion of might {unknown}
Books
 b - a book of Flames

   Spells                             Type                      Level
   a - Flame Tongue                   Conjuration/Fire             1
   b - Throw Flame                    Conjuration/Fire             2
   c - Conjure Flame                  Conjuration/Fire             3
   d - Inner Flame                    Hexes/Fire                   3
   e - Sticky Flame                   Conjuration/Fire             4
   f - Fireball                       Conjuration/Fire             5
Comestibles
 c - a bread ration
 j - 2 royal jellies
 v - a meat ration


   Skills:
 - Level 3.0 Dodging
 - Level 3.1 Stealth
 + Level 4.0 Spellcasting
 + Level 2.4 Conjurations
 + Level 4.0 Fire Magic


You had 5 spell levels left.
You knew the following spells:

 Your Spells              Type           Power        Failure   Level  Hunger
a - Flame Tongue          Conj/Fire      ####.        3%          1    None
b - Throw Flame           Conj/Fire      ####..       4%          2    #......
c - Conjure Flame         Conj/Fire      ####....     10%         3    ###....


Dungeon Overview and Level Annotations

Branches:
Dungeon (3/15)

Altars:
Cheibriados
Trog
Vehumet


Message History

Aim: a gnoll, wielding a spear (almost dead)
You feel a surge of power!
The flame tongue hits the gnoll.
You kill the gnoll!
Vehumet accepts your kill.
Casting: Flame Tongue
Confirm with . or Enter, or press ? or * to list all spells.
Aiming: Flame Tongue
Press: ? - help, Shift-Dir - straight line, f - gnoll
Aim: a gnoll, wielding an antimagic whip You feel a surge of power!
The flame tongue hits the gnoll.
The gnoll is heavily wounded.
Casting: Flame Tongue
Confirm with . or Enter, or press ? or * to list all spells.
Aiming: Flame Tongue
Press: ? - help, Shift-Dir - straight line, f/p - gnoll
Aim: a gnoll, wielding an antimagic whip (heavily wounded)
You feel a surge of power!
The flame tongue hits the gnoll.
The gnoll is severely wounded.
The gnoll hits you with an antimagic whip.
You die...

#.####.... ###.#
.# # ##_#.# .#
##≈≈≈.# .##
#≈≈†≈≈# #..
#≈≈.≈≈# .)
#≈≈≈≈≈# [# .
#.≈≈≈.###.##....
##....@gg.†.....
##...###.##.(..
##### .# . ..
###


You could see 2 gnolls.

Vanquished Creatures
  2 gnolls (D:3)
  4 adders
  An ooze (D:2)
  A worm (D:3)
  A dart slug (D:3)
  A leopard gecko (D:1)
  4 bats
  2 giant cockroaches
  5 goblins
  2 hobgoblins (D:1)
  3 kobolds
  3 frilled lizards
  6 rats
35 creatures vanquished.

Notes
Turn   | Place    | Note
-------+----------+-------------------------------------------
     0 | D:1      | Spazmo the Deep Elf Fire Elementalist began the quest for the Orb.
     0 | D:1      | Reached XP level 1. HP: 10/10 MP: 6/6
   355 | D:1      | Reached XP level 2. HP: 15/15 MP: 5/8
   361 | D:1      | Learned a level 2 spell: Throw Flame
   876 | D:2      | Found a radiant altar of Vehumet.
   889 | D:2      | Became a worshipper of Vehumet
  1040 | D:2      | Reached XP level 3. HP: 19/19 MP: 9/9
  1045 | D:2      | Learned a level 3 spell: Conjure Flame
  1058 | D:2      | Found a bloodstained altar of Trog.
  1522 | D:3      | Found a snail-covered altar of Cheibriados.
  1547 | D:3      | Reached XP level 4. HP: 24/24 MP: 11/11
  1570 | D:3      | Slain by a gnoll

Vault maps used:
D:1:      sevenhm_arrival_forest_fort_small_3
D:2:      lemuel_doored_altar, bloody_trog
D:3:      cheibrodos_pilgrimage, nicolae_overflow_crystal_walls,
          nemelex_xobeh_ov_fountains_minmay, kennysheep_slug_shrine,
          lemuel_round_altar, corexii_shack, bh_walls_and_bars

Skill      XL: |  1  2  3  4 |
---------------+-------------+-----
Stealth        | 3 |  3.1
Dodging        | 3 |  3.0
Conjurations   | 2 |  2.4
Spellcasting   | 4 |  4.0
Fire Magic     | 4 |  4.0

Action                   |  1- 3 |  4- 6 || total
-------------------------+-------+-------++-------
Melee: Dagger            |     8 |    10 ||    18
 Cast: Flame Tongue      |    52 |     8 ||    60
       Throw Flame       |     1 |       ||     1
  Use: Scroll            |     3 |       ||     3
 Stab: Sleeping          |     1 |       ||     1
  Eat: Chunk             |     2 |       ||     2
Armor: Robe              |     3 |     3 ||     6
Dodge: Dodged            |     7 |     7 ||    14

Table legend:
 A = Spawn XP
 B = Non-spawn XP
 C = Spawn XP percentage of total XP
 D = Spawn monster count
 E = Non-spawn monster count
 F = Spawn count percentage of total count
 G = Total turns spent on level
                    A         B        C        D         E        F      G
               +---------+---------+-------+---------+---------+-------+---------
         Total |       0 |     137 |   0.0 |       0 |      35 |   0.0 |  1570
               +---------+---------+-------+---------+---------+-------+---------
           D:1 |       0 |      21 |   0.0 |       0 |      12 |   0.0 |   844
           D:2 |       0 |      64 |   0.0 |       0 |      17 |   0.0 |   671
           D:3 |       0 |      52 |   0.0 |       0 |       6 |   0.0 |    55
               +---------+---------+-------+---------+---------+-------+---------
